 Dungeon Crawl Stone Soup version 0.15-a0-411-g153a95e (webtiles) character file.

348 Leibowitz the Poker (level 5, -1/42 HPs)
             Began as a Demigod Gladiator on May 4, 2014.
             Slain by an orc
             ... wielding a +0,+0 mace
              (4 damage)
             ... while paralysed by a potion of paralysis
             ... on Level 4 of the Dungeon.
             The game lasted 00:07:48 (2678 turns).

Leibowitz the Poker (Demigod Gladiator)             Turns: 2678, Time: 00:07:49

HP  -1/42        AC  5     Str 18      XL: 5   Next: 20%
MP   8/8         EV  2     Int 12      God:
Gold 155         SH  0     Dex 19      Spells:  0 memorised,  4 levels left

rFire  . . .     SeeInvis .     a - +0 trident
rCold  . . .     Clarity  .     q - +0 leather armour
rNeg   . . .     Conserve .     (no shield)
rPois  .         rCorr    .     c - +0 helmet
rElec  .         rRot     .     (no cloak)
SustAb . .       Spirit   .     (no gloves)
rMut   .         Warding  .     s - +0 pair of boots
Saprov . . .     Stasis   .     (no amulet)
MR     .....                    (no ring)
                                (no ring)

@: paralysed, slowed, not resistant to hostile enchantments, unstealthy
A: no striking features
a: no special abilities


You were on level 4 of the Dungeon.
You were not hungry.

You visited 1 branch of the dungeon, and saw 4 of its levels.

You collected 155 gold pieces.

Inventory:

Hand weapons
 a - a +0,+0 trident (weapon)
 b - a +1 blowgun
 n - a +0,+0 trident
Missiles
 d - 2 throwing nets (quivered)
 i - 27 poisoned needles
 x - 2 curare-tipped needles
Armour
 c - a +0 helmet (worn)
 q - a +0 leather armour (worn)
 s - a +0 pair of boots (worn)
Magical devices
 v - a wand of paralysis (23)
Comestibles
 f - 2 bread rations
 j - a meat ration
 l - a choko
Scrolls
 g - a scroll of remove curse
 h - a scroll of identify
 k - a scroll of random uselessness {unknown}
 m - a scroll of recharging
 p - a scroll of blinking {unknown}
 r - a scroll of immolation {unknown}
Potions
 e - a potion of resistance
 t - a potion of invisibility {unknown}
 u - a potion of curing {unknown}


   Skills:
 * Level 2.7 Fighting
 + Level 3.6 Polearms
 + Level 1.8 Throwing
 + Level 1.4 Armour
 + Level 3.4 Dodging
 * Level 2.0 Stealth


You had 4 spell levels left.
You didn't know any spells.

Dungeon Overview and Level Annotations

Branches:
Dungeon (4/15)
 Temple: D:4-7

Annotations:
D:3 Leibowitz's ghost, average DgGl


Message History

The magic dart hits you!
The orc wizard casts a spell.
The orc wizard blinks!
The orc closely misses you.
Items here: %% ( ) [[ You hit the orc.
The orc is severely wounded.
The orc hits you with a mace!
* * * LOW HITPOINT WARNING * * *
The orc hits you with a mace.
* * * LOW HITPOINT WARNING * * *
The orc wizard hits you but does no damage.
Drink which item? (? for menu, Esc to quit)
You suddenly lose the ability to move!
It was a potion of paralysis.
The orc wizard hits you but does no damage.
The orc hits you but does no damage. The orc wizard hits you with a dagger.
* * * LOW HITPOINT WARNING * * *
The orc wizard hits you but does no damage.
The orc hits you with a mace.
You die...

. #.. #.. #...##...
#.#...... #.#.#....# ##
#.#.#....# .. #..
#......#.###..
..##...###......#.......
.......o@o..............
##########...##...[..#
#.#.##......##
#.#.##.......#
#.#.##.#.#...###
####.#.#....#......
#..................
#..................
#...#...#....##...#


You could see an orc wizard and an orc.

Vanquished Creatures
  An orc priest (D:4)
  9 adders
  A giant mite (D:3)
  3 giant geckos
  7 orcs
  3 ball pythons
  2 giant cockroaches (D:2)
  8 goblins
  6 hobgoblins
  4 jackals
  2 quokkas
  8 bats
  2 giant newts
  10 kobolds
  5 rats
71 creatures vanquished.

Notes
Turn   | Place    | Note
--------------------------------------------------------------
     0 | D:1      | Leibowitz, the Demigod Gladiator, began the quest for the Orb.
     0 | D:1      | Reached XP level 1. HP: 17/17 MP: 2/2
   262 | D:1      | Reached XP level 2. HP: 22/24 MP: 3/3
   535 | D:2      | Reached skill level 3 in Polearms
   551 | D:2      | Reached skill level 1 in Stealth
   553 | D:2      | Reached XP level 3. HP: 25/29 MP: 5/5
   884 | D:2      | Reached XP level 4. HP: 23/37 MP: 7/7
  1305 | D:3      | Noticed Leibowitz's ghost (average DgGl)
  1978 | D:3      | Reached skill level 1 in Armour
  2636 | D:4      | Reached XP level 5. HP: 42/42 MP: 8/8
  2677 | D:4      | Paralysed by a potion of paralysis for 7 turns
  2678 | D:4      | Slain by an orc

Action                   |  1- 3 |  4- 6 || total
-------------------------+-------+-------++-------
Melee: Trident           |   116 |   122 ||   238
Throw: Throwing net      |       |     1 ||     1
Evoke: Wand              |       |     2 ||     2
  Use: Scroll            |       |     3 ||     3
       Potion            |       |     1 ||     1
 Stab: Sleeping          |     2 |     4 ||     6
       Held in net/web   |       |     2 ||     2
